 Dungeon Crawl Stone Soup version 0.13-a0-1536-gedae9ec (webtiles) character file.

99 Kae the Sneak (level 3, 0/16 HPs)
             Began as a Spriggan Enchanter on June 9, 2013.
             Slain by Ijyb (2 damage)
             ... on Level 2 of the Dungeon.
             The game lasted 00:03:04 (1836 turns).

Kae the Sneak (Spriggan Enchanter)                  Turns: 1836, Time: 00:03:04

HP   0/16        AC  3     Str  5      XL: 3   Next: 58%
MP   6/9         EV 18     Int 16      God:
Gold 48          SH  0     Dex 16      Spells:  2 memorised,  2 levels left

Res.Fire  : . . .   See Invis. : +   a - +1 dagger {=f}
Res.Cold  : . . .   Warding    : .   b - +1 robe
Life Prot.: . . .   Conserve   : .   (shield restricted)
Res.Poison: .       Res.Corr.  : .   (helmet restricted)
Res.Elec. : .       Clarity    : .   (no cloak)
Sust.Abil.: . .     Spirit.Shd : .   (gloves unavailable)
Res.Mut.  : .       Stasis     : .   (boots unavailable)
Res.Rott. : .       Flight     : .   (no amulet)
Saprovore : . . .                    (no ring)
                                     (no ring)

@: very quick, slightly resistant to hostile enchantments, quite stealthy
A: unfitting armour, see invisible, herbivore 3, speed 3, slow metabolism 2
a: no special abilities


You were on level 2 of the Dungeon.
You were not hungry.

You visited 1 branch of the dungeon, and saw 2 of its levels.

You collected 28 gold pieces.

Inventory:

Hand weapons
 a - a +1,+1 dagger (weapon) {=f}
 g - a +0,+0 elven dagger
 j - a -1,+0 orcish dagger (quivered)
Missiles
 d - 12 darts
Armour
 b - a +1 robe (worn)
Comestibles
 o - 2 bread rations
 q - a choko
Scrolls
 f - a scroll of magic mapping {unknown}
 k - 3 scrolls of identify {unknown}
 m - a scroll of blinking {unknown}
 n - 3 scrolls of teleportation {unknown}
Jewellery
 p - a cursed ring of teleportation {unknown}
 r - an uncursed ring of poison resistance {unknown}
Potions
 e - a potion of porridge
 h - 3 potions of heal wounds {unknown}
 i - a potion of slowing {unknown}
 l - a potion of might {unknown}
Books
 c - a book of Maledictions

   Spells                             Type                      Level
   *Corona                            Hexes                        1
   Sure Blade                         Hexes/Charms                 2
   *Ensorcelled Hibernation           Hexes/Ice                    2
   Confuse                            Hexes                        3
   Enslavement                        Hexes                        4
   Invisibility                       Hexes                        6


   Skills:
 + Level 2.1 Short Blades
 - Level 1.1 Throwing
 - Level 3.0 Dodging
 + Level 4.3 Stealth
 + Level 1.9 Spellcasting
 + Level 4.2 Hexes


You had 2 spell levels left.
You knew the following spells:

 Your Spells              Type           Power        Failure   Level  Hunger
a - Corona                Hex            ###....      4%          1    #......
b - Ensorcelled Hibernat  Hex/Ice        #.....       14%         2    ###....


Dungeon Overview and Level Annotations

Branches:
Dungeon (2/27)

Altars:
Yredelemnul

Annotations
D:2 Ijyb


Innate Abilities, Weirdness & Mutations

You are tiny and cannot use many weapons and most armour.
You have supernaturally acute eyesight.
You are a herbivore.
You cover ground extremely quickly.
You need consume almost no food.


Message History

Ijyb hits you.
You hit Ijyb but do no damage.
Ijyb is severely wounded.
A dart misses the jackal!
Ijyb completely misses you.
You barely miss Ijyb.
Ijyb is severely wounded.
A dart hits the jackal!
Ijyb closely misses you.
You hit Ijyb but do no damage.
Ijyb is severely wounded.
Ijyb completely misses you.
You hit Ijyb but do no damage.
Ijyb is severely wounded.
You hit Ijyb but do no damage.
Ijyb is severely wounded.
Ijyb hits you.
* * * LOW HITPOINT WARNING * * *
You closely miss Ijyb.
Ijyb is severely wounded.
A dart misses the jackal!
Ijyb hits you.
You die...

<....#
#.........#
.(...#
#...h...h.#
.....+
#.....h(..#
.....#
#.....g...#
##+###
########'##
#h.# #h## #g#
###@####
#......#
########......#
#......'......#
#.######.^..>.#
#......#
#.%....#
#......#
######'#####


You could see Ijyb and 3 jackals.

Vanquished Creatures
  A giant mite (D:2)
  An adder (D:2)
  A giant gecko (D:1)
  A giant cockroach (D:1)
  4 goblins (D:1)
  2 hobgoblins (D:1)
  6 jackals (D:1)
  3 bats
  4 giant newts (D:1)
  4 kobolds (D:1)
  13 rats
40 creatures vanquished.

Vanquished Creatures (others)
  A hobgoblin (D:1)
  A rat (D:1)
2 creatures vanquished.

Grand Total: 42 creatures vanquished

Notes
Turn   | Place    | Note
--------------------------------------------------------------
     0 | D:1      | Kae, the Spriggan Enchanter, began the quest for the Orb.
     0 | D:1      | Reached XP level 1. HP: 9/9 MP: 4/4
   622 | D:1      | Reached XP level 2. HP: 10/13 MP: 6/6
   654 | D:1      | Learned a level 2 spell: Ensorcelled Hibernation
   949 | D:1      | Reached skill level 4 in Hexes
  1276 | D:1      | Reached XP level 3. HP: 11/16 MP: 9/9
  1714 | D:2      | Found a basalt altar of Yredelemnul.
  1739 | D:2      | Noticed Ijyb
  1836 | D:2      | Slain by Ijyb

Action                   || total
-------------------------++-------
Melee: Dagger            ||   171
Throw: Dagger            ||     3
 Cast: Ensorcelled Hiber ||     8
       Corona            ||     1
 Stab: Sleeping          ||    10
